 Dungeon Crawl Stone Soup version 0.28-a0-1182-g381e24db82 (webtiles) character file.

Game seed: 10839017319081630965

45 siradein the Caller (level 3, -2/16 HPs)
             Began as a Vine Stalker Summoner on Dec 16, 2021.
             Slain by a gnoll (4 damage)
             ... on level 2 of the Dungeon.
             The game lasted 00:09:09 (2385 turns).

siradein the Caller (Vine Stalker Summoner)         Turns: 2385, Time: 00:09:10

Health: -2/16      AC:  3    Str: 10    XL:     3   Next: 64%
Magic:  0/8        EV: 12    Int: 17    God:
Gold:   90         SH:  0    Dex: 14    Spells: 4/7 levels left

rFire   . . .      SeeInvis .   b - +0 short sword
rCold   . . .      Faith    .   (no shield)
rNeg    . . .      Spirit   +   d - +0 leather armour
rPois   .          Reflect  .   (no helmet)
rElec   .          Harm     .   (no cloak)
rCorr   .          Rampage  .   (no gloves)
Will    .....                   (no boots)
Stlth   ++........              (no amulet)
HPRegen 0.05/turn               (no ring)
MPRegen 0.11/turn               (no ring)

@: no status effects
A: fangs 2, magic shield, antimagic bite, no potion heal 2
a: no special abilities


You were on level 2 of the Dungeon.
You visited 1 branch of the dungeon, and saw 2 of its levels.

You collected 90 gold pieces.

Inventory:

Hand Weapons
 b - a +0 short sword (weapon)
Armour
 d - a +0 leather armour (worn)
Scrolls
 f - a scroll of holy word {unknown}
Potions
 a - a potion of brilliance {unknown}
 c - a potion of curing {unknown}
 e - a potion of mutation {unknown}


   Skills:
 + Level 2.1 Dodging
 - Level 3.1 Stealth
 + Level 2.8 Spellcasting
 + Level 4.3 Summonings


You had 4 spell levels left.
You knew the following spells:

 Your Spells              Type           Power      Damage    Failure   Level
a - Summon Small Mammal   Summ           68%        N/A       4%          1
b - Call Imp              Summ           17%        N/A       6%          2

Your spell library contained the following spells:

 Spells                   Type           Power      Damage    Failure   Level
 Call Canine Familiar     Summ           17%        N/A       12%         3
 Summon Guardian Golem    Hex/Summ       9%         N/A       30%         3
 Summon Lightning Spire   Summ/Air       9%         N/A       69%         4


Dungeon Overview and Level Annotations

Branches:
Dungeon (2/15)

Altars:
Trog


Innate Abilities, Weirdness & Mutations

You have extremely sharp teeth.
When hurt, damage is shared between your health and your magic reserves.
Your bite disrupts and absorbs the magic of your enemies.
Potions cannot restore your health.


Message History

The goblin is moderately wounded.
The goblin closely misses you.
You closely miss the goblin. You bite the goblin.
You kill the goblin!
No target in view!
Things that are here:
a +0 dagger; a goblin corpse
Found a bloodstained altar of Trog.
A gnoll comes into view. It is wielding a +0 flail.
The gnoll shouts!
A gnoll is nearby!
A beastly little devil appears in a puff of flame.
A gnoll comes into view. It is wielding a +0 club.
Your crimson imp hits the gnoll but does no damage.
A gnoll comes into view. It is wielding a +1 halberd of venom.
You hit the gnoll. Your bite misses the gnoll.
The gnoll is lightly wounded.
Your crimson imp completely misses the gnoll.
The gnoll hits you but does no damage.
You barely miss the gnoll. You bite the gnoll, but do no damage.
The gnoll is lightly wounded.
Your crimson imp hits the gnoll.
Your crimson imp hits the gnoll but does no damage.
Your crimson imp barely misses the gnoll.
The gnoll throws a throwing net.
The throwing net hits you.
You become entangled in the net!
Your crimson imp hits the gnoll.
You see here a throwing net.
You struggle against the net.
The gnoll hits you with a +0 flail.
Your crimson imp blinks!
You struggle against the net.
The gnoll hits you with a +0 club. The gnoll hits you with a +0 flail.
You struggle against the net.
The gnoll hits you with a +0 flail.
* * * LOW HITPOINT WARNING * * *
You struggle against the net.
The gnoll hits you but does no damage. The gnoll barely misses you.
Your crimson imp hits the gnoll.
The gnoll barely misses you.
You rip the net and break free!
The gnoll hits you with a +0 club.
* * * LOW HITPOINT WARNING * * *
The gnoll hits you with a +0 flail.
You die...

#.# # #.# ..
###.###.#
....... #....
#######..# ##
#.....#g.#
...##....g...#
#....._.@g..#
###....5####
#.....#
#.#.### #...#
#...# #.###
#.#
#..######.####


You could see 3 gnolls and a friendly crimson imp (summoned).

Vanquished Creatures
  3 bats (D:1)
  5 endoplasms (D:1)
  3 giant cockroaches (D:1)
  2 hobgoblins (D:1)
  3 jackals (D:1)
  3 kobolds (D:1)
  A quokka (D:1)
  A ball python (D:1)
  A goblin (D:2)
  3 rats (D:1)
25 creatures vanquished.

Vanquished Creatures (collateral kills)
  3 endoplasms (D:1)
  3 giant cockroaches (D:1)
  A hobgoblin (D:1)
  3 jackals (D:1)
  A ball python (D:1)
  A kobold (D:1)
  A rat (D:1)
13 creatures vanquished.

Grand Total: 38 creatures vanquished

Notes
Turn   | Place    | Note
-------+----------+-------------------------------------------
     0 | D:1      | siradein the Vine Stalker Summoner began the quest for the
                  | Orb.
     0 | D:1      | Reached XP level 1. HP: 9/9 MP: 4/4
     1 | D:1      | Found a runed translucent door.
   378 | D:1      | Reached XP level 2. HP: 9/13 MP: 3/6
  1746 | D:1      | Learned a level 2 spell: Call Imp
  1772 | D:1      | Reached XP level 3. HP: 13/16 MP: 1/7
  2362 | D:2      | Found a bloodstained altar of Trog.
  2385 | D:2      | Slain by a gnoll

Illustrated notes

Levels and vault maps discovered:
D:1:      dpeg_arrival_caged_fury, layout_loops_corners
D:2:      layout_loops_ring, basic_altar, grunt_ministairs_8

Skill      XL: |  1  2  3 |
---------------+----------+-----
Stealth        | 3 |  3.1
Dodging        | 2 |  2.1
Spellcasting   | |  2.8
Summonings     | |  4.3

Action                   || total
-------------------------++-------
Melee: Unarmed           ||     8
       Short sword       ||   111
       Bite              ||    21
 Cast: Summon Small Mamm ||    12
       Call Imp          ||     8
 Stab: Sleeping          ||     1
Armor: Robe              ||     1
       Leather armour    ||    49
Dodge: Dodged            ||    93

Table legend: (Time is in decaauts)
 A = Elapsed time spent in this place.
 B = Non-inter-level travel time spent in this place.
 C = Inter-level travel time spent in this place.
 D = Time resting spent in this place.
 E = Time spent auto-exploring this place.
 F = Levels seen in this place.
 G = Mean time per level.
                   A        B        C        D        E       F      G
               +--------+--------+--------+--------+--------+-----+--------+
         Total |   2395 |   2395 |      0 |    100 |   1791 |   2 | 1197.5 |
       Dungeon |   2395 |   2395 |      0 |    100 |   1791 |   2 | 1197.5 |
               +--------+--------+--------+--------+--------+-----+--------+

Top non-repeatable levels by time:
     D:1: 2265 daAuts
     D:2: 129 daAuts
